 Dungeon Crawl Stone Soup version 0.20-a0-548-g4f8a798 (webtiles) character file.

587 Lahna the Cudgeler (level 7, -1/62 HPs)
             Began as a Minotaur Monk on Feb 1, 2017.
             Slain by a gnoll
             ... wielding a cursed -2 spear
              (5 damage)
             ... on level 4 of the Dungeon.
             The game lasted 00:06:48 (3298 turns).

Lahna the Cudgeler (Minotaur Monk)                  Turns: 3298, Time: 00:06:49

Health: -1/62      AC:  4    Str: 10    XL:     7   Next: 15%
Magic:  6/6        EV: 14    Int: 13    God:
Gold:   279        SH:  2    Dex: 15    Spells: 6/6 levels left

rFire    . . .     SeeInvis .   a - +1 mace
rCold    . . .     Gourm    .   h - +0 leather armour (curse)
rNeg     . . .     Faith    .   (no shield)
rPois    +         Spirit   .   (helmet restricted)
rElec    .         Reflect  +   (no cloak)
rCorr    .         Harm     .   m - +0 pair of gloves
MR       .....                  v - +0 pair of boots of Mutualism {Str-5 Int+6} (curse)
Stlth    ++........             k - +2 amulet of reflection
Regen    0.2/turn               l - ring of poison resistance
                                n - -2 ring of protection (curse)

@: no status effects
A: retaliatory headbutt, horns 2
a: no special abilities


You were on level 4 of the Dungeon.
You were not hungry.

You visited 1 branch of the dungeon, and saw 4 of its levels.

You collected 279 gold pieces.

Inventory:

Hand Weapons
 a - a +1 mace (weapon)
Armour
 h - a cursed +0 leather armour (worn)
 m - a +0 pair of gloves (worn)
 t - a +0 ring mail
 v - the cursed +0 pair of boots of Mutualism (worn) {Str-5 Int+6}
   (You found it on level 4 of the Dungeon)

   It affects your strength (-5).
   It affects your intelligence (+6).
   It has a curse placed upon it.
Jewellery
 k - a +2 amulet of reflection (around neck)
 l - a ring of poison resistance (right hand)
 n - a cursed -2 ring of protection (left hand)
Wands
 b - a wand of digging (8/24)
Scrolls
 q - a scroll of amnesia
 r - 2 scrolls of teleportation
 w - a scroll of fog
Potions
 e - 2 potions of agility {unknown}
 f - a potion of cancellation {unknown}
 g - 2 potions of magic
 i - 2 potions of brilliance {unknown}
 o - 2 potions of resistance {unknown}
 s - a potion of haste {unknown}
 x - a potion of degeneration {unknown}
 z - a potion of flight {unknown}
Comestibles
 c - 5 bread rations
 d - a meat ration
 j - 4 fruits
 p - a royal jelly
 u - 2 chunks of flesh


   Skills:
 + Level 5.8 Fighting
 + Level 5.9 Maces & Flails
 + Level 4.4 Armour
 + Level 5.2 Dodging
 - Level 1.5 Stealth


You had 6 spell levels left.
You didn't know any spells.

Dungeon Overview and Level Annotations

Branches:
Dungeon (4/15)
 Temple: D:4-7

Altars:
Elyvilon
Kikubaaqudgha
Nemelex Xobeh
Qazlal
Uskayaw
Zin


Innate Abilities, Weirdness & Mutations

You reflexively headbutt those who attack you in melee.
You have a pair of horns on your head.


Message History

You sock the gnoll!
The gnoll is almost dead.
The gnoll misses you. The gnoll closely misses you.
You sock the gnoll!
You kill the gnoll!
The gnoll closely misses you.
You hit the gnoll but do no damage. You block the gnoll's attack.
The gnoll closely misses you.
Unknown command.
You hit the gnoll.
The gnoll is moderately wounded.
The gnoll barely misses you. The gnoll hits you but does no damage.
The gnoll hits you from afar with a spear.
* * * LOW HITPOINT WARNING * * *
You hit the gnoll. You headbutt the gnoll.
You kill the gnoll!
The gnoll hits you from afar with a spear!
* * * LOW HITPOINT WARNING * * *
The gnoll hits you with a spear.
You die...

....▒▒▒▒▒▒.▒ ▒.... ....▒ ▒.▒
▒..▒ .▒▒▒▒▒▒▒▒▒.▒▒▒▒..+
.▒▒▒▒........▒▒..▒
....▒.....)▒.▒▒.▒▒
..▒........▒.▒▒.▒▒▒▒▒▒
▒.▒...▒▒▒▒...▒▒.▒▒...▒
.............▒▒.▒▒...▒▒▒▒▒▒▒▒▒▒
................)@g......g....+
▒▒▒.......▒▒..▒▒▒▒.......▒▒▒▒▒▒
▒.▒▒.........▒ ▒▒▒▒....▒
▒.▒....▒..▒..▒ ▒....▒
▒..▒.).....▒.▒ ▒....▒
▒▒.▒▒....▒▒▒..▒▒ ▒▒.▒▒▒
▒▒..▒▒....▒.....▒ ▒.▒
▒.▒.▒▒▒.....▒▒▒.▒▒ ▒.▒ ▒▒▒▒▒▒▒
.▒▒.▒ ▒.....▒ ▒..▒
▒▒▒.▒▒▒▒.....▒▒▒


You could see a gnoll.

Vanquished Creatures
  Eustachio (D:4)
  Purgy (D:3)
  An ice beast (D:3)
  A hound (D:4)
  2 worker ants (D:4)
  5 adders
  3 gnolls (D:4)
  A howler monkey skeleton (D:4)
  2 worms (D:2)
  A dart slug (D:1)
  4 leopard geckos (D:1)
  7 orcs
  5 giant cockroaches
  11 goblins
  12 hobgoblins
  6 jackals
  2 quokkas
  12 bats
  4 frilled lizards
  4 kobolds
  5 rats
90 creatures vanquished.

Notes
Turn   | Place    | Note
-------+----------+-------------------------------------------
     0 | D:1      | Lahna the Minotaur Monk began the quest for the Orb.
     0 | D:1      | Reached XP level 1. HP: 19/19 MP: 0/0
   149 | D:1      | Reached skill level 1 in Armour
   167 | D:1      | Reached XP level 2. HP: 23/27 MP: 1/1
   605 | D:1      | Reached XP level 3. HP: 28/33 MP: 2/2
   751 | D:2      | Found a stormy altar of Qazlal.
   975 | D:2      | Reached XP level 4. HP: 40/40 MP: 3/3
  1179 | D:2      | Found a hide-covered altar of Uskayaw.
  1515 | D:3      | Noticed an ice beast
  1722 | D:3      | Killed an ice beast
  1722 | D:3      | Reached skill level 5 in Maces & Flails
  1722 | D:3      | Reached XP level 5. HP: 32/47 MP: 4/4
  1832 | D:3      | Reached skill level 5 in Fighting
  2337 | D:3      | Found a white marble altar of Elyvilon.
  2350 | D:3      | Found a glowing silver altar of Zin.
  2351 | D:3      | Found a sparkling altar of Nemelex Xobeh.
  2484 | D:3      | Noticed Purgy
  2494 | D:3      | Killed Purgy
  2494 | D:3      | Reached XP level 6. HP: 33/56 MP: 5/5
  2555 | D:3      | Found an ancient bone altar of Kikubaaqudgha.
  2747 | D:4      | Got a pair of jewelled boots
  2753 | D:4      | Identified the cursed +0 pair of boots of Mutualism {Str-5 Int+6} (You found it on level 4 of the Dungeon)
  2817 | D:4      | Noticed Eustachio
  2865 | D:4      | HP: 1/56 [river rat[Eustachio] (6)]
  2872 | D:4      | Killed Eustachio
  2872 | D:4      | Reached skill level 5 in Dodging
  2872 | D:4      | Reached XP level 7. HP: 17/62 MP: 6/6
  3298 | D:4      | Slain by a gnoll

Vault maps used:
D:1:      mushboom_english_gardens
D:2:      minmay_wonky_spiral, lemuel_doored_altar,
          nicolae_qazlal_general_emergency
D:3:      cheibrodos_greedy_goblins, nicolae_overflow_hidden_temple, minitemple,
          uniq_purgy
D:4:      serial_shops, shop_fountains, nicolae_shop_behind_doors, first_bread,
          uniq_grinder, uniq_eustachio

Skill      XL: |  1  2  3  4  5  6 |
---------------+-------------------+-----
Armour         | 1 2 3 4 |  4.4
Maces & Flails | 4 5 |  5.9
Fighting       | 4 5 |  5.8
Dodging        | 4 5 |  5.2
Stealth        | |  1.5

Action                   |  1- 3 |  4- 6 |  7- 9 || total
-------------------------+-------+-------+-------++-------
Melee: Mace              |    73 |   140 |    15 ||   228
       Headbutt          |     8 |    21 |     4 ||    33
  Use: Scroll            |     3 |     3 |     1 ||     7
       Potion            |       |     8 |       ||     8
 Stab: Sleeping          |     3 |     2 |     1 ||     6
  Eat: Chunk             |       |     6 |     2 ||     8
Armor: Robe              |    22 |       |       ||    22
       Leather armour    |       |    29 |     1 ||    30
Dodge: Dodged            |    53 |   172 |    15 ||   240
Block: Other             |       |       |     2 ||     2
